Map: Catalyst LE

Players

Railgan - Winner!

  • Race: Zerg Zerg
  • League: Grandmaster
  • Spawn Location: 11:00

Namshar

  • Race: Protoss Protoss
  • League: Grandmaster
  • Spawn Location: 5:00

VOD

https://youtu.be/jiezNZnoyPE

Description

Time

  • Played on: April 15, 2018, 9:23 a.m.
  • Length: 10:27
Show
View Real Time Build Order
Export as new Build Order

Railgan Zerg - Winner!

Build Orders: Pool First 

Get SALT Encoding   

  12  0:00  Drone  
  13  0:14  Extractor  
  12  0:26  Spawning Pool  
  11  0:28  Drone  
  11  0:33  Drone  
  13  0:38  Drone  
  14  0:49  Overlord  
  14  1:13  Zergling x6  
  14  1:15  Metabolic Boost  
  17  1:26  Zergling x2  
  18  1:43  Hatchery  
  18  1:46  Drone  
  18  1:51  Drone  
  19  2:02  Queen  
  21  2:15  Drone  
  21  2:22  Overlord  
  21  2:40  Queen  
  21  2:42  Drone x3  
  26  2:55  Drone x2  
  27  3:05  Hatchery  
  26  3:10  Drone x2  
  28  3:17  Queen  
  30  3:21  Drone  
  30  3:25  Drone  
  32  3:27  Drone  
  32  3:33  Overlord  
  33  3:35  Drone  
  33  3:38  Drone  
  35  3:41  Zergling x2  
  35  3:47  Overlord  
  36  3:52  Zergling x2  
  36  3:53  Zergling x2  
  36  3:54  Drone x2  
  40  3:57  Drone  
  40  3:58  Drone  
  42  4:12  Drone  
  42  4:13  Drone x3  
  46  4:18  Queen  
  46  4:22  Overlord  
  48  4:26  Lair  
  47  4:37  Zergling x2  
  46  4:39  Drone  
  46  4:41  Spore Crawler x2  
  46  4:43  Drone  
  46  4:44  Drone x4  
  48  4:45  Drone  
  48  4:46  Drone  
  48  4:51  Extractor  
  49  4:53  Evolution Chamber  
  49  4:58  Spore Crawler  
  47  5:00  Drone x5  
  47  5:06  Drone x3  
  54  5:17  Drone x5  
  54  5:18  Drone x2  
  61  5:23  Zerg Missile Weapons Level 1  
  61  5:25  Extractor  
  60  5:30  Zergling x8  
  60  5:32  Overlord  
  60  5:34  Extractor  
  60  5:35  Drone  
  64  5:36  Drone, Extractor  
  64  5:41  Hydralisk Den  
  63  5:44  Drone x3  
  63  5:46  Overlord  
  66  5:53  Overlord  
  66  5:59  Overlord x2  
  66  6:04  Drone x6  
  66  6:06  Drone  
  66  6:08  Drone x3  
  66  6:09  Extractor  
  66  6:10  Drone x2  
  77  6:12  Drone  
  77  6:15  Grooved Spines  
  77  6:30  Drone x2  
  79  6:35  Overlord  
  77  6:41  Overlord  
  77  6:42  Drone, Hatchery  
  77  6:46  Hydralisk  
  77  6:47  Hydralisk x5  
  77  6:50  Overlord  
  77  6:53  Overlord  
  89  6:57  Hydralisk x2  
  93  7:02  Overlord  
  93  7:04  Overlord, Hydralisk  
  93  7:06  Hydralisk  
  97  7:12  Hydralisk  
  97  7:13  Lurker Den  
  97  7:14  Drone  
  99  7:16  Overseer  
  99  7:24  Hydralisk  
  99  7:25  Hydralisk  
  99  7:26  Muscular Augments  
  101  7:38  Hydralisk  
  101  7:39  Hydralisk x7  
  101  7:40  Overlord  
  101  7:44  Overlord x2  
  117  7:46  Hydralisk  
  117  7:48  Overlord  
  117  7:50  Hydralisk  
  121  7:52  Hydralisk  
  123  7:59  Hydralisk x2  
  127  8:07  Spore Crawler  
  127  8:08  Drone x2  
  127  8:10  Hydralisk x2  
  132  8:15  Hydralisk x4  
  132  8:18  Drone x2  
  139  8:23  Hydralisk x2  
  141  8:29  Spine Crawler  
  138  8:34  Overlord  
  138  8:36  Extractor  
  138  8:40  Extractor  
  126  8:50  Hydralisk  
  126  8:53  Zergling x10  
  126  8:54  Zergling x14  
  138  8:56  Overlord x2, Lurker  
  127  9:03  Hydralisk x4  
  114  9:10  Hydralisk  
  114  9:14  Hydralisk x2  
  114  9:16  Hydralisk x4  
  122  9:25  Lurker  
  120  9:35  Hydralisk x4  
  120  9:38  Hydralisk x4  
  125  9:48  Hydralisk x4  
  125  9:52  Hydralisk x2  
  127  9:55  Zergling x4  
  127  9:58  Drone x3  
Show
View Real Time Build Order
Export as new Build Order

Namshar Protoss 

Build Orders: Archon Immortal, Zealot Archon 

Get SALT Encoding   

  12  0:00  Probe  
  13  0:12  Probe  
  14  0:17  Pylon  
  14  0:24  Probe  
  15  0:36  Probe (Chrono Boost)  
  15  0:40  Gateway  
  16  0:49  Assimilator, Probe (Chrono Boost)  
  17  0:54  Probe (Chrono Boost)  
  18  1:01  Pylon  
  18  1:03  Probe  
  19  1:15  Probe  
  20  1:27  Cybernetics Core, Probe  
  20  1:29  Gateway  
  21  1:33  Zealot  
  22  1:40  Pylon  
  22  2:03  Warp Gate, Adept (Chrono Boost)  
  24  2:16  Shield Battery  
  24  2:21  Adept (Chrono Boost)  
  26  2:25  Gateway  
  27  2:30  Pylon  
  27  2:38  Sentry  
  27  2:43  Gateway  
  28  2:52  Pylon  
  28  2:54  Nexus  
  28  2:58  Probe (Chrono Boost)  
  29  3:03  Assimilator  
  29  3:10  Probe (Chrono Boost)  
  30  3:19  Probe (Chrono Boost)  
  31  3:24  Probe  
  32  3:28  Stargate  
  32  3:36  Probe  
  33  3:44  Pylon  
  33  3:48  Probe  
  34  4:00  Probe  
  35  4:08  Probe (Chrono Boost)  
  35  4:09  Oracle (Chrono Boost)  
  36  4:13  Probe (Chrono Boost)  
  42  4:24  Probe (Chrono Boost)  
  42  4:25  Probe (Chrono Boost)  
  42  4:29  Pylon, Probe (Chrono Boost)  
  43  4:31  Probe  
  42  4:39  Probe, Oracle  
  42  4:43  Probe  
  47  4:50  Assimilator  
  47  4:51  Assimilator, Probe  
  48  4:54  Robotics Facility  
  48  4:55  Probe  
  49  5:02  Gateway  
  49  5:03  Probe, Gateway  
  50  5:07  Probe  
  51  5:16  Probe (Chrono Boost)  
  51  5:20  Probe (Chrono Boost)  
  53  5:21  Phoenix  
  53  5:25  Twilight Council  
  56  5:28  Probe (Chrono Boost)  
  56  5:32  Probe (Chrono Boost)  
  56  5:34  Nexus  
  57  5:36  Probe (Chrono Boost)  
  57  5:40  Pylon, Probe (Chrono Boost)  
  59  5:49  Pylon  
  59  5:50  Probe  
  59  5:52  Probe  
  61  5:59  Warp Prism  
  61  6:02  Probe  
  61  6:03  Templar Archives  
  64  6:05  Probe  
  64  6:07  Charge  
  65  6:15  Probe  
  65  6:17  Probe  
  67  6:20  Forge  
  67  6:24  Zealot  
  67  6:25  Zealot x2  
  71  6:32  Probe  
  70  6:41  Probe  
  70  6:45  Probe  
  70  6:46  Protoss Ground Weapons Level 1  
  72  6:52  Probe  
  72  6:54  Probe  
  74  6:57  Probe  
  75  7:02  Shield Battery  
  75  7:04  High Templar x3  
  75  7:05  High Templar  
  75  7:07  Gateway  
  75  7:08  Gateway  
  83  7:09  Archon x2, Probe  
  83  7:12  Gateway  
  83  7:13  Photon Cannon  
  84  7:16  Gateway  
  84  7:18  Probe x2  
  84  7:20  Assimilator  
  84  7:21  Probe  
  87  7:25  Assimilator  
  87  7:30  Probe x2  
  87  7:32  Psionic Storm  
  87  7:34  Probe  
  90  7:42  Immortal (Chrono Boost), Probe x2  
  92  7:46  Probe  
  92  7:48  Pylon  
  92  7:49  Pylon  
  92  7:51  Pylon  
  97  7:54  Probe  
  97  7:55  High Templar  
  100  8:06  Pylon x2  
  100  8:08  Pylon  
  100  8:12  Pylon x2  
  100  8:23  High Templar x2  
  100  8:24  Immortal (Chrono Boost), High Templar  
  100  8:25  Zealot  
  100  8:26  Zealot  
  114  8:36  Archon  
  114  8:37  Archon  
  112  8:41  Zealot  
  112  8:42  Zealot  
  113  8:53  Zealot x3  
  115  8:56  Zealot, Immortal (Chrono Boost)  
  115  8:57  Zealot  
  110  9:05  Zealot  
  96  9:10  Gateway  
  96  9:11  Gateway x2  
  96  9:16  High Templar x2  
  92  9:18  Zealot x2  
  92  9:23  Immortal (Chrono Boost)  
  90  9:25  Archon  
  90  9:26  Zealot  
  90  9:33  Zealot  
  84  9:38  Zealot x2  
  79  9:49  Photon Cannon  
  79  9:52  High Templar x3  
  75  9:55  Observer  
  75  9:56  High Templar  
  75  9:57  Archon  
  78  10:00  Archon  
  78  10:02  Pylon  
  78  10:04  Pylon x2  
  77  10:07  Photon Cannon  
  77  10:08  Pylon  
  77  10:10  Zealot x2  
Tags
 
Add a new tag
Caveats
  • Supply blocks, unpowered buildings, or Contaminate may cause inaccurate times.
  • Supply counts are checked every 10 seconds.